 Dungeon Crawl Stone Soup version 0.19-a0-1878-gcbc8a98 (webtiles) character file.

101 tb0li the Magician (level 4, -4/24 HPs)
             Began as a Deep Elf Conjurer on Oct 14, 2016.
             Slain by sugabear's ghost (7 damage)
             ... on level 3 of the Dungeon.
             The game lasted 00:05:33 (2657 turns).

tb0li the Magician (Deep Elf Conjurer)              Turns: 2657, Time: 00:05:33

Health: -4/24      AC:  2    Str:  5    XL:     4   Next: 48%
Magic:  8/14       EV: 13    Int: 21    God:
Gold:   209        SH:  0    Dex: 15    Spells: 1 memorised, 15 levels left

rFire  . . .     SeeInvis .     q - +2 dagger (drain)
rCold  . . .     Gourm    .     a - +0 robe
rNeg   . . .     Faith    .     (no shield)
rPois  .         Spirit   .     (no helmet)
rElec  .         Dismiss  .     (no cloak)
rCorr  .         Reflect  .     (no gloves)
MR     .....     Harm     .     (no boots)
Stlth  ++........               (no amulet)
                                (no ring)
                                (no ring)

@: no status effects
A: no striking features
a: no special abilities


You were on level 3 of the Dungeon.
You were not hungry.

You visited 1 branch of the dungeon, and saw 4 of its levels.

You collected 209 gold pieces.

Inventory:

Hand Weapons
 p - a +0 hand axe
 q - a +2 dagger of draining (weapon)
Missiles
 m - 17 poisoned needles
Armour
 a - a +0 robe (worn)
Scrolls
 f - a scroll of fog {unknown}
 h - 2 scrolls of random uselessness {unknown}
 i - 6 scrolls of identify {unknown}
 k - a scroll of amnesia {unknown}
 n - a scroll of immolation {unknown}
 o - a scroll of magic mapping {unknown}
 r - a scroll of remove curse {unknown}
Potions
 d - 2 potions of haste {unknown}
 e - a potion of mutation {unknown}
 j - a potion of curing {unknown}
 l - a potion of agility {unknown}
 s - a potion of brilliance {unknown}
Books
 b - a book of Conjurations

   Spells                             Type                      Level
   a - Magic Dart                     Conjuration                  1
   b - Searing Ray                    Conjuration                  2
   c - Dazzling Spray                 Conjuration/Hexes            3
   d - Fulminant Prism                Conjuration/Hexes            4
   e - Iskenderun's Mystic Blast      Conjuration                  4
   f - Iskenderun's Battlesphere      Conjuration/Charms           5
Comestibles
 c - 3 bread rations
 g - a meat ration


   Skills:
 - Level 2.4 Dodging
 - Level 2.4 Stealth
 + Level 6.5 Spellcasting
 - Level 4.3 Conjurations


You had 15 spell levels left.
You knew the following spells:

 Your Spells              Type           Power        Failure   Level  Hunger
a - Magic Dart            Conj           ####         1%          1    None


Dungeon Overview and Level Annotations

Branches:
Dungeon (4/15)
 Temple: D:4-7

Altars:

Annotations:
D:3 sugabear's ghost, amateur VSGl


Message History

Press: ? - help, Shift-Dir - straight line, f/p - sugabear's ghost
Aim: sugabear's ghost (moderately damaged)
The magic dart hits sugabear's ghost.
Sugabear's ghost is moderately damaged.
Sugabear's ghost barely misses you.
Casting: Magic Dart
Confirm with . or Enter, or press ? or * to list all spells.
Aiming: Magic Dart
Press: ? - help, Shift-Dir - straight line, f/p - sugabear's ghost
Aim: sugabear's ghost (moderately damaged)
The magic dart hits sugabear's ghost.
Sugabear's ghost is moderately damaged.
Sugabear's ghost hits you!
Ouch! That really hurt!
* * * LOW HITPOINT WARNING * * *
You see here 18 stones.
Found 19 gold pieces.
There is a stone staircase leading down here.
Sugabear's ghost hits you!
You die...

#.(..................##.#.#.#
#.#..#.#.#..#..#..##..............
...$............#...........#.###.#
# .#.#.#..#........................
# ...........##.#...........#.###.#
#.#$#..#.#...##.#..#........#.# #.#
...........#.##.#..##.......#.# #.#
#.#.#...##.#.##.W.............# #.#
...............).@.....##...#####.#
#.#.#.####.#.#....................#
..........[......#........######
#.#...[[..<..............# ##.
#.#....##....#..#..##...## ##.
#.#....##....#..#........
##.##.#.[..##...##.........###
##.(#.#....##......... .##.#
'.#.#............#... ..


You could see sugabear's ghost.

Vanquished Creatures
  An orc wizard (D:3)
  An ooze (D:1)
  A worm (D:3)
  3 dart slugs
  2 leopard geckos
  10 orcs
  3 giant cockroaches
  4 hobgoblins
  A quokka (D:3)
  3 bats
  4 frilled lizards
  9 goblins
  5 rats
47 creatures vanquished.

Notes
Turn   | Place    | Note
-------+----------+-------------------------------------------
     0 | D:1      | tb0li the Deep Elf Conjurer began the quest for the Orb.
     0 | D:1      | Reached XP level 1. HP: 10/10 MP: 6/6
    88 | D:1      | Reached XP level 2. HP: 6/15 MP: 1/8
   252 | D:1      | Reached skill level 4 in Spellcasting
   735 | D:2      | Found a faded altar of an unknown god.
   822 | D:2      | Reached XP level 3. HP: 19/19 MP: 8/11
  1046 | D:2      | Reached skill level 5 in Spellcasting
  2110 | D:3      | Reached skill level 6 in Spellcasting
  2110 | D:3      | Reached XP level 4. HP: 15/24 MP: 1/14
  2632 | D:3      | Noticed sugabear's ghost (amateur VSGl)
  2657 | D:3      | Slain by sugabear's ghost

Vault maps used:
D:1:      dpeg_arrival_central
D:2:      ecumenical_altar_2
D:3:      hangedman_decor_points, uniq_terence, uniq_jessica
D:4:      bh_walls_and_bars

Skill      XL: |  1  2  3 |
---------------+----------+-----
Spellcasting   | 4 6 |  6.5
Dodging        | |  2.4
Stealth        | |  2.4
Conjurations   | |  4.3

Action                   |  1- 3 |  4- 6 || total
-------------------------+-------+-------++-------
Melee: Dagger            |       |     3 ||     3
       Hand axe          |       |     3 ||     3
 Cast: Magic Dart        |    89 |    34 ||   123
  Eat: Meat ration       |     1 |       ||     1
       Chunk             |     1 |       ||     1
Armor: Robe              |     1 |     2 ||     3
Dodge: Dodged            |    17 |    10 ||    27
